 Dungeon Crawl Stone Soup version 0.21-a0-442-g848f44b (webtiles) character file.

3404 Beatriz the Cleaver (level 9, -17/106 HPs)
             Began as a Demonspawn Abyssal Knight on Nov 12, 2017.
             Was an Elder of Lugonu.
             Killed from afar by Erica (21 damage)
             ... with a bolt of poison
             ... on level 8 of the Dungeon.
             The game lasted 00:20:04 (6193 turns).

Beatriz the Cleaver (Demonspawn Abyssal Knight)     Turns: 6193, Time: 00:20:07

Health: -17/106    AC: 12    Str: 21    XL:     9   Next: 75%
Magic:  11/11      EV:  5    Int: 13    God:    Lugonu [****..]
Gold:   332        SH: 14    Dex: 13    Spells: 8/8 levels left

rFire    + . .     SeeInvis .   a - +2 hand axe
rCold    + . .     Gourm    .   o - +0 large shield
rNeg     . . .     Faith    .   j - +2 chain mail {rF+}
rPois    .         Spirit   .   (helmet restricted)
rElec    .         Reflect  .   (no cloak)
rCorr    .         Harm     .   (no gloves)
MR       .....                  (no boots)
Stlth    ..........             (no amulet)
HPRegen  0.27/turn              u - ring of protection from cold
MPRegen  0.12/turn              B - ring of wizardry

@: berserking, lethally poisoned (-17 -> -43), very quick
A: antennae 2, powered by death 1, spiny 2, sturdy frame 1
a: Depart the Abyss, Bend Space, Banish, Corrupt, Renounce Religion


You were on level 8 of the Dungeon.
You worshipped Lugonu.
Lugonu was greatly pleased with you.
You were not hungry.

You visited 2 branches of the dungeon, and saw 9 of its levels.
You visited the Abyss 1 time.
You also visited: Sewer.

You collected 508 gold pieces.
You spent 176 gold pieces at shops.

Inventory:

Hand Weapons
 a - a +2 hand axe (weapon)
Armour
 j - a +2 chain mail of fire resistance (worn)
 o - a +0 large shield (worn)
Jewellery
 u - a ring of protection from cold (left hand)
 B - a ring of wizardry (right hand)
Wands
 f - a wand of random effects (33/48)
 p - a wand of scattershot (4/9)
 w - a wand of paralysis (2/24)
 z - a wand of paralysis (15/24)
Scrolls
 d - a scroll of teleportation
 g - 2 scrolls of enchant armour {unknown}
 h - 2 scrolls of remove curse
 i - 3 scrolls of magic mapping {unknown}
 y - a scroll of fear {unknown}
 A - a scroll of holy word {unknown}
Potions
 e - a potion of cancellation
 k - a potion of flight {unknown}
 l - 2 potions of haste
 m - a potion of agility
 r - 5 potions of heal wounds {unknown}
 t - a potion of berserk rage
 v - 3 potions of degeneration {unknown}
 x - 2 potions of mutation
 D - a potion of might {unknown}
Comestibles
 b - 2 meat rations
 c - 7 bread rations
 n - a fruit
 q - a royal jelly
 C - a chunk of flesh


   Skills:
 + Level 6.7 Fighting
 * Level 8.0 Axes
 * Level 6.5 Armour
 + Level 2.3 Dodging
 - Level 0.2 Stealth
 + Level 4.2 Shields
 + Level 3.6 Invocations
 + Level 1.1 Evocations


You had 8 spell levels left.
You didn't know any spells.

Dungeon Overview and Level Annotations

Branches:
Dungeon (8/15)             Temple (1/1) D:4
   Lair: D:8-11

Altars:
Cheibriados
Dithmenos
Fedhas
Kikubaaqudgha
Makhleb
Sif Muna
Trog
Xom
The Shining One

Shops:
D:4 !   D:5 }   D:6 :!![(

Annotations:
D:8 Erica, Pikel


Innate Abilities, Weirdness & Mutations

You have a pair of antennae on your head.
You regenerate a little health from kills.
You are mostly covered in sharp spines.
Your movements are slightly less encumbered by armour. (ER -2)


Message History

* * * LOW HITPOINT WARNING * * *
You slash something!
* * * LOW HITPOINT WARNING * * *
You feel sick.
Unknown command.
You closely miss something.
* * * LOW HITPOINT WARNING * * *
You feel sick. Something hits you but does no damage.
You are too berserk!
You closely miss something.
* * * LOW HITPOINT WARNING * * *
You feel sick.
You hit something.
* * * LOW HITPOINT WARNING * * *
You feel sick.
You hear some strange, mumbled words.
A bolt of poison appears from out of thin air!
The bolt of poison hits you!
You are more poisoned.
You die...

##.... ... #..... ..
##..... .. ##.....# ..
##...#### .# ##+##
##..### (## ≈.≈ ##Js##
†.# #.# ##.p## ..## #@#
##.p## ...# #{####..##
...## #paK{.p## ....##
#####pJ{..# .....###
###....p...##
.......####..........#
.....................##
......................##
...............(.......#


You could see 3 slaves, a jelly and a worker ant.

Vanquished Creatures
  A hippogriff (D:8)
  Sigmund (D:2)
  Eustachio (D:5)
  Edmund (D:5)
  Purgy (Sewer)
  2 ice beasts
  An orc warrior (D:7)
  2 sky beasts
  4 ogres
  3 phantoms
  2 centaurs
  2 bullfrogs (D:8)
  3 scorpions
  2 howler monkeys
  2 crimson imps (D:5)
  2 hounds
  2 jellies (D:8)
  3 orc priests
  4 orc wizards
  Jessica (D:2)
  An iguana (D:6)
  5 worker ants
  A hound zombie (D:6)
  A hound skeleton (D:4)
  Robin (D:2)
  7 gnolls (D:5)
  7 adders
  A shadow imp (D:6)
  3 oozes
  An adder skeleton (D:7)
  An adder zombie (D:5)
  3 dart slugs
  4 leopard geckos
  19 orcs
  2 ball pythons
  11 bats
  4 giant cockroaches
  14 goblins
  6 hobgoblins
  12 jackals
  6 quokkas
  5 frilled lizards
  5 kobolds
  10 rats
170 creatures vanquished.

Vanquished Creatures (collateral kills)
  A wolf spider zombie (Abyss:2)
  A small abomination (Abyss:2)
2 creatures vanquished.

Vanquished Creatures (others)
  The ghost of Vibarexel the Nimble, a novice KoAs (D:4)
  2 starspawn tentacles (Abyss:2)
3 creatures vanquished.

Grand Total: 175 creatures vanquished

Notes
Turn   | Place    | Note
-------+----------+-------------------------------------------
     0 | Abyss:1  | Beatriz the Demonspawn Abyssal Knight began the quest for the Orb.
     0 | Abyss:1  | Reached XP level 1. HP: 18/18 MP: 2/2
    73 | Abyss:2  | Noticed a wolf spider zombie
    78 | Abyss:2  | Killed a wolf spider zombie
    78 | Abyss:2  | Reached skill level 5 in Fighting
    78 | Abyss:2  | Reached skill level 2 in Axes
    78 | Abyss:2  | Reached skill level 1 in Dodging
    78 | Abyss:2  | Gained mutation: Your movements are slightly less encumbered by armour. (ER -2) [demonic ancestry]
    78 | Abyss:2  | Reached XP level 2. HP: 27/27 MP: 2/4
    78 | Abyss:2  | Gained mutation: You regenerate a little health from kills. [demonic ancestry]
    78 | Abyss:2  | Reached XP level 3. HP: 33/33 MP: 2/5
    78 | Abyss:2  | Reached XP level 4. HP: 39/39 MP: 2/6
    78 | Abyss:2  | Gained mutation: You are partially covered in sharp spines. [demonic ancestry]
    78 | Abyss:2  | Reached XP level 5. HP: 44/44 MP: 2/7
    81 | Abyss:2  | Noticed a small abomination
    84 | Abyss:2  | Killed a small abomination
    84 | Abyss:2  | Gained mutation: You are mostly covered in sharp spines. [demonic ancestry]
    84 | Abyss:2  | Reached XP level 6. HP: 51/51 MP: 2/8
    86 | Abyss:2  | Found a radiant altar of Vehumet.
   106 | Abyss:2  | Noticed a starcursed mass
   116 | Abyss:2  | Noticed an insubstantial wisp
   118 | D:1      | Escaped the Abyss
   241 | D:1      | Reached * piety under Lugonu
   942 | D:2      | Noticed Sigmund
   952 | D:2      | Killed Sigmund
   952 | D:2      | Reached skill level 3 in Axes
  1305 | D:2      | Noticed Robin
  1316 | D:2      | Reached ** piety under Lugonu
  1324 | D:2      | Killed Robin
  1364 | D:2      | Noticed Jessica
  1369 | D:2      | Killed Jessica
  1369 | D:2      | Reached XP level 7. HP: 57/57 MP: 9/9
  1380 | D:2      | Found a bloodstained altar of Trog.
  1739 | D:3      | Found a burning altar of Makhleb.
  2053 | D:4      | Got a heavily runed leather armour
  2064 | D:4      | Identified the cursed +1 leather armour of the New World {Int+6 SInv} (You found it on level 4 of the Dungeon)
  2078 | D:4      | Found Sicex's Distillery.
  2106 | D:4      | Reached skill level 4 in Axes
  2309 | D:4      | Found a shadowy altar of Dithmenos.
  2343 | D:4      | Killed Vibarexel's ghost
  2580 | D:4      | Reached skill level 1 in Shields
  2802 | D:4      | Reached *** piety under Lugonu
  2944 | D:4      | Found a staircase to the Ecumenical Temple.
  3178 | Temple   | Entered the Ecumenical Temple
  3241 | D:5      | Entered Level 5 of the Dungeon
  3241 | D:5      | Found Ximiappo's Gadget Shop.
  3246 | D:5      | Reached skill level 5 in Axes
  3257 | D:5      | Gained mutation: You have a pair of small antennae on your head. [demonic ancestry]
  3257 | D:5      | Reached XP level 8. HP: 41/64 MP: 10/10
  3267 | D:5      | Noticed Edmund
  3287 | D:5      | Killed Edmund
  3399 | D:5      | Found a blossoming altar of Fedhas.
  3402 | D:5      | Noticed Eustachio
  3404 | D:5      | Found a snail-covered altar of Cheibriados.
  3532 | D:5      | Found a glowing drain.
  3541 | Sewer    | Entered a sewer
  3563 | Sewer    | Noticed Purgy
  3582 | Sewer    | Killed Purgy
  3582 | Sewer    | Reached skill level 6 in Axes
  3647 | D:5      | Reached skill level 5 in Armour
  3897 | D:5      | Found a deep blue altar of Sif Muna.
  4184 | D:5      | Killed Eustachio
  4216 | D:5      | Found a glowing golden altar of the Shining One.
  4340 | D:6      | Reached skill level 1 in Evocations
  4383 | D:6      | Gained mutation: You have a pair of antennae on your head. [demonic ancestry]
  4383 | D:6      | Reached XP level 9. HP: 44/70 MP: 11/11
  4464 | D:6      | Found Eschaut's Book Boutique.
  4500 | D:6      | Found Kimo's Armour Boutique.
  4567 | D:6      | Found Ejeuff's Distillery.
  4649 | D:6      | Reached **** piety under Lugonu
  4663 | D:6      | Found an ancient bone altar of Kikubaaqudgha.
  4811 | D:6      | Found Teuwus's Weapon Shop.
  4821 | D:6      | Found Qeyd's Distillery.
  4844 | D:6      | Bought a potion of mutation for 88 gold pieces
  4844 | D:6      | Bought a potion of mutation for 88 gold pieces
  4853 | D:6      | Reached skill level 7 in Axes
  5739 | D:7      | Found a shimmering altar of Xom.
  5985 | D:8      | Reached skill level 8 in Axes
  6147 | D:8      | Noticed Erica
  6148 | D:8      | Noticed Pikel
  6191 | D:8      | HP: 5/106 [poisoned by Erica (bolt of poison)]
  6193 | D:8      | Killed from afar by Erica

Vault maps used:
D:1:      dpeg_arrival_pits, minmay_vboxes
D:2:      minmay_strange_pillars, trog_three_pillars_becter, uniq_sigmund,
          uniq_robin, uniq_jessica
D:3:      first_bread, bloody_makhleb
D:4:      grunt_dithmenos_smoke, lemuel_temple_firewalk_a, serial_shops,
          nicolae_shop_trees
D:5:      minmay_overflow_temple_star_quad, portal_sewer_entry_b, basic_altar,
          serial_shops, shop, uniq_edmund, uniq_eustachio
D:6:      nicolae_overflow_hidden_temple, serial_shops, shop,
          nicolae_shop_crystal, nicolae_shop_stone, shop, shop,
          hangedman_decor_clover_reticule
D:7:      kennysheep_little_box
D:8:      lightli_temple_of_fire, serial_glass, glass_columns_c,
          glass_columns_a, hangedman_pestilent_swarm, cheibriados_altar_1,
          uniq_pikel, uniq_erica, uniq_psyche, uniq_prince_ribbit1
Temple:   eino_temple_water
Sewer:    sewer_big_baddie

Skill      XL: |  1  2  3  4  5  6  7  8  9 |
---------------+----------------------------+-----
Fighting       | 5 6 |  6.7
Axes           | 2 3 5 6 8 |  8.0
Armour         | 2 3 4 5 6 |  6.5
Dodging        | 1 2 |  2.3
Invocations    | 3 |  3.6
Shields        | 1 3 4 |  4.2
Evocations     | 1 |  1.1
Stealth        | |  0.2

Action                   |  1- 3 |  4- 6 |  7- 9 || total
-------------------------+-------+-------+-------++-------
Melee: Hand axe          |       |    61 |   463 ||   524
Invok: Depart the Abyss  |       |     1 |       ||     1
Evoke: Wand              |       |       |     3 ||     3
  Use: Scroll            |     1 |       |    12 ||    13
       Potion            |       |       |     9 ||     9
 Stab: Paralysed         |       |       |    14 ||    14
  Eat: Chunk             |       |     1 |    16 ||    17
       Fruit             |       |       |     1 ||     1
Armor: Chain mail        |       |    19 |   213 ||   232
       Leather armour    |       |     6 |       ||     6
Dodge: Dodged            |       |    18 |    58 ||    76
Block: Large shield      |       |    22 |   296 ||   318

Table legend:
 A = Spawn XP
 B = Non-spawn XP
 C = Spawn XP percentage of total XP
 D = Spawn monster count
 E = Non-spawn monster count
 F = Spawn count percentage of total count
 G = Total turns spent on level
                    A         B        C        D         E        F      G
               +---------+---------+-------+---------+---------+-------+---------
         Total |      80 |    4783 |   1.6 |       1 |     171 |   0.6 |  6193
               +---------+---------+-------+---------+---------+-------+---------
           D:1 |       0 |      34 |   0.0 |       0 |      19 |   0.0 |   631
           D:2 |       0 |     354 |   0.0 |       0 |      26 |   0.0 |   820
           D:3 |       0 |      89 |   0.0 |       0 |      23 |   0.0 |   455
           D:4 |       0 |     489 |   0.0 |       0 |      30 |   0.0 |  1215
           D:5 |       0 |    1146 |   0.0 |       0 |      25 |   0.0 |   998
           D:6 |       0 |     705 |   0.0 |       0 |      18 |   0.0 |   937
           D:7 |       0 |     669 |   0.0 |       0 |      13 |   0.0 |   647
           D:8 |       0 |     849 |   0.0 |       0 |      10 |   0.0 |   281
       Abyss:2 |      80 |     310 |  20.5 |       1 |       1 |  50.0 |    90
         Sewer |       0 |     138 |   0.0 |       0 |       6 |   0.0 |    89
               +---------+---------+-------+---------+---------+-------+---------
